 Dungeon Crawl Stone Soup version 0.30.0-17-ge0270778cf (webtiles) character file.

Game seed: 13949029815289419416

185 cdecastro the Magician (level 5, -1/37 HPs)
             Began as a Djinni Transmuter on May 21, 2023.
             Slain by an iguana (6 damage)
             ... on level 3 of the Dungeon on May 22, 2023.
             The game lasted 00:06:27 (2760 turns).

cdecastro the Magician (Djinni Transmuter)          Turns: 2760, Time: 00:06:28

Health: -1/37      AC:  2    Str:  9    XL:     5   Next: 96%
Gold:   158        EV: 12    Int: 17    God:
                   SH:  0    Dex: 13

rFire   + +          .
                       - Unarmed
rCold   x . .        (no shield)
rNeg    . . .        a - +0 robe
rPois   ∞            (helmet currently unavailable)
rElec   .            (no cloak)
rCorr   .            (no gloves)
SInv    .            (boots unavailable)
Will    .....        (no amulet)
Stlth   +            (no ring)
HPRegen 0.26/turn    (no ring)
MPRegen 0.00/turn

%: infuse magic (-2 HP)
@: appendages (expiring), flying
A: horns 2, flying, sickness immunity, fire resistance 2, cold vulnerability 1,
float, innate caster, HP casting, extra vitality 1
a: End Transformation


You were on level 3 of the Dungeon.
You had temporarily grown beastly horns.
You visited 1 branch of the dungeon, and saw 3 of its levels.

You collected 158 gold pieces.

Inventory:

Armour
 a - a +0 robe (worn)
Magical Staves
 e - a staff of fire
 o - a staff of poison
Scrolls
 c - 4 scrolls of identify {unknown}
 i - 2 scrolls of immolation {unknown}
 j - a scroll of teleportation {unknown}
 n - a scroll of vulnerability {unknown}
 q - a scroll of blinking {unknown}
Potions
 b - 2 potions of lignification
 d - 3 potions of might {unknown}
 f - 3 potions of curing {unknown}
 g - a potion of attraction {unknown}
 h - a potion of heal wounds {unknown}
 k - a potion of degeneration {unknown}
 l - a potion of brilliance {unknown}
 m - a potion of invisibility {unknown}
 p - a potion of mutation {unknown}


   Skills:
 - Level 1.0 Fighting
 - Level 2.1 Dodging
 - Level 3.0 Unarmed Combat
 + Level 4.3 Spellcasting


You knew the following spells:

 Your Spells              Type           Power      Damage    Failure   Level
a - Beastly Appendage     Tmut           36%        N/A       2%          1
b - Wereblood             Tmut           18%        N/A       3%          2
c - Spider Form           Tmut/Pois      18%        N/A       8%          3
d - Ice Form              Ice/Tmut       18%        N/A       26%         4
e - Sandblast             Erth           36%        2d10      2%          1
f - Scorch                Fire           36%        2d7       3%          2
Your spell library was empty.

Dungeon Overview and Level Annotations

Branches:
Dungeon (3/15)

Altars:


Innate Abilities, Weirdness & Mutations

You have temporarily grown beastly horns.
You are flying.
You are immune to sickness and miasma.
You are immune to poison.
Your flesh is very heat resistant. (rF++)
You are vulnerable to cold. (rC-)
You float through the air rather than walking.
You learn spells naturally, not from books.
Your magical power is your life essence.
You have superior vitality. (+4 MHP)


Message History

Found a stone staircase leading down.
The iguana hisses angrily.
The iguana closely misses you.
You hit the iguana.
The iguana is lightly wounded.
The iguana bites you!
You barely miss the iguana.
The iguana is lightly wounded.
The iguana bites you but does no damage.
You barely miss the iguana.
The iguana is lightly wounded.
The iguana barely misses you.
You hit the iguana but do no damage.
The iguana is lightly wounded.
The iguana barely misses you.
You hit the iguana but do no damage.
The iguana is lightly wounded.
The iguana bites you.
You hit the iguana but do no damage.
The iguana is lightly wounded.
You hit the iguana but do no damage. Your headbutt misses the iguana.
The iguana is lightly wounded.
The iguana closely misses you.
You hit the iguana.
You headbutt the iguana, but do no damage.
The iguana is moderately wounded.
The iguana bites you.
You hit the iguana but do no damage. Your headbutt misses the iguana.
The iguana is moderately wounded.
The iguana bites you!
* * * LOW HITPOINT WARNING * * *
You barely miss the iguana. You punch the iguana, but do no damage.
The iguana is moderately wounded.
Your transformation is almost over.
The iguana bites you!
* * * LOW HITPOINT WARNING * * *
You hit the iguana but do no damage.
The iguana is moderately wounded.
The iguana bites you.
You die...

#.[....†..##....#.##....
#.........#####.........
#.........# ###..#....
#.........# #......>
######....#######.......
.......##...............
.........[..#####....>..
.......####.#####...#..#
.......@............##<#
......l........##..# #.#
................# #
................# ##.
................# ...#
................# ##..
...>............# ..#..
###............## ##....
##.....


You could see an iguana.

Vanquished Creatures
  Pargi (D:3)
  2 adders (D:2)
  3 worms (D:2)
  3 dart slugs
  An orc (D:3)
  8 bats
  3 endoplasms
  2 giant cockroaches
  6 goblins
  5 hobgoblins
  5 kobolds
  2 quokkas
  9 ball pythons
  7 frilled lizards
  6 rats
63 creatures vanquished.

Notes
Turn   | Place    | Note
-------+----------+-------------------------------------------
     0 | D:1      | cdecastro the Djinni Transmuter began the quest for the
                  | Orb.
     0 | D:1      | cdecastro set off with the following spells memorised:
                  | Beastly Appendage, Wereblood, Spider Form, Ice Form.
     0 | D:1      | Reached XP level 1. HP: 17/17 MP: 0/0
   137 | D:1      | Reached skill level 2 in Spellcasting
   209 | D:1      | Reached XP level 2. HP: 21/22 MP: 0/0
   401 | D:1      | Reached XP level 3. HP: 20/27 MP: 0/0
   401 | D:1      | Learned a level 1 spell: Sandblast
  1011 | D:2      | Reached skill level 3 in Spellcasting
  1055 | D:2      | Reached XP level 4. HP: 23/32 MP: 0/0
  2440 | D:3      | Noticed Pargi
  2462 | D:3      | Killed Pargi
  2463 | D:3      | Reached skill level 4 in Spellcasting
  2463 | D:3      | Reached XP level 5. HP: 15/37 MP: 0/0
  2463 | D:3      | Learned a level 2 spell: Scorch
  2760 | D:3      | Slain by an iguana

Illustrated notes

Levels and vault maps discovered:
D:1:      lemuel_arrival_river_ford, layout_rooms, minmay_domino_4
D:2:      minmay_spotlight, layout_basic
D:3:      layout_rooms, grunt_decor_mini_mirrors, uniq_pargi

Skill      XL: |  1  2  3  4 |
---------------+-------------+-----
Spellcasting   | 2 3 4 |  4.3
Fighting       | |  1.0
Dodging        | |  2.1
Unarmed Combat | |  3.0

Action                     |  1- 3 |  4- 6 || total
---------------------------+-------+-------++-------
  Melee: Unarmed           |   101 |   138 ||   239
         Headbutt          |    16 |    18 ||    34
         Punch             |     2 |     3 ||     5
   Cast: Beastly Appendage |    19 |    24 ||    43
         Spider Form       |       |     1 ||     1
         Wereblood         |       |     1 ||     1
 Armour: Robe              |    17 |    22 ||    39
         Skin              |       |     3 ||     3
  Dodge: Dodged            |    66 |   105 ||   171
